 Dungeon Crawl Stone Soup version 0.29-a0-243-g602b31c20e (webtiles) character file.

Game seed: 5382198463729687800

84 spiderkeys the Skirmisher (level 4, 0/24 HPs)
             Began as a Vine Stalker Abyssal Knight on Mar 5, 2022.
             Was a Believer of Lugonu.
             Killed by divine providence
             ... invoked by an orc priest
              (5 damage)
             ... on level 3 of the Dungeon.
             The game lasted 00:02:33 (2706 turns).

spiderkeys the Skirmisher (VSAK)                    Turns: 2706, Time: 00:02:33

Health: 0/24       AC:  3    Str: 15    XL:     4   Next: 45%
Magic:  0/15       EV: 12    Int: 10    God:    Lugonu [**....]
Gold:   116        SH:  0    Dex: 17    Spells: 3/3 levels left

rFire   . . .      SeeInvis .   a - +1 short sword
rCold   . . .      Faith    .   (no shield)
rNeg    . . .      Spirit   +   o - +0 leather armour
rPois   .          Reflect  .   (no helmet)
rElec   .          Harm     .   (no cloak)
rCorr   .          Rampage  .   (no gloves)
Will    .....                   (no boots)
Stlth   ++........              (no amulet)
HPRegen 0.88/turn               W - ring of magical power
MPRegen 0.14/turn               (no ring)

@: no status effects
A: fangs 2, regeneration 1, magic shield, antimagic bite, no potion heal 2
a: Renounce Religion, Depart the Abyss, Bend Space


You were on level 3 of the Dungeon.
You worshipped Lugonu.
Lugonu was pleased with you.
You visited 1 branch of the dungeon, and saw 3 of its levels.
You visited the Abyss 1 time.

You collected 116 gold pieces.


Innate Abilities, Weirdness & Mutations

You have extremely sharp teeth.
Your natural rate of healing is unusually fast.
When hurt, damage is shared between your health and your magic reserves.
Your bite disrupts and absorbs the magic of your enemies.
Potions cannot restore your health.


   Skills:
 + Level 3.2 Fighting
 + Level 2.5 Short Blades
 - Level 1.5 Armour
 + Level 1.6 Dodging
 + Level 2.4 Stealth
 - Level 1.7 Invocations


You had 3 spell levels left.
You didn't know any spells.
Your spell library was empty.

Inventory:

Hand Weapons
 a - a +1 short sword (weapon)
 b - a +0 hunting sling
   (You found it on level 2 of the Dungeon)
Missiles
 g - 54 stones
Armour
 j - a +0 scale mail
   (You found it on level 2 of the Dungeon)
 l - a +0 ring mail
   (You found it on level 2 of the Dungeon)
 o - a +0 leather armour (worn)
 p - a +0 ring mail
   (You found it on level 2 of the Dungeon)
Magical Staves
 f - a staff of conjuration {!a}
   (You found it on level 1 of the Dungeon)
 q - a staff of fire {!a}
   (You found it on level 2 of the Dungeon)
Jewellery
 W - a ring of magical power (left hand)
   (You found it on level 2 of the Dungeon)
Scrolls
 d - 3 scrolls of amnesia {unknown}
 h - 3 scrolls of identify {unknown}
 i - a scroll of enchant weapon {unknown}
 k - a scroll of teleportation {unknown}
 m - a scroll of noise {unknown}
 n - a scroll of summoning {unknown}
 r - a scroll of fog {unknown}
Potions
 c - 2 potions of heal wounds {unknown}
 e - 2 potions of curing {unknown}

Dungeon Overview and Level Annotations

Branches:
Dungeon (3/15)

Altars:
Okawaru

.... #######.". #
#.....#..# #.
#.###.#..#
###.####.#...#..#
.8..∩..♣.#.###?>
..........<..#.#
........####.#.#
.∩..∩.._.....#@#
.........#####o#
........o......#
....8..∩########
........#
........#
.♣.....∩#
........#
.......o.


You could see an orc priest.


Message History

An orc priest comes into view. It is wielding a +0 dagger.
The orc priest shouts!
An orc priest comes into view. It is wielding a +0 flail.
The orc priest looks satisfied for a moment.
Press: ? - help, v - describe, . - travel
Here: an orc priest, wielding a +0 dagger and wearing a +0 scale mail The floor.
The orc priest shouts!
Found a scroll labelled MEFAUF POTOLIO.
Found a stone staircase leading down.
You start waiting.
An orc priest is nearby!
You closely miss the orc priest.
You bite the orc priest, but do no damage.
The orc priest hits you but does no damage.
You hit the orc priest.
You bite the orc priest, but do no damage.
The orc priest completely misses you.
You hit the orc priest but do no damage.
Your bite misses the orc priest.
The orc priest calls upon Beogh to heal the orc priest.
The orc priest's wounds heal themselves!
The orc priest hits you with a +0 dagger. 😕 HP[-2] MP[-1]
You take 2 damage, and now have 18/20 hp.
You lost 1 mp, and now have 13/14 mp.
You hit the orc priest but do no damage.
The orc priest calls down the wrath of Beogh upon you.
Pain shoots through your body! 😮 HP[-3] MP[-3]
You take 3 damage, and now have 15/20 hp.
You lost 3 mp, and now have 10/14 mp.
You hit the orc priest.
The orc priest hits you with a +0 dagger. 😮 HP[-1] MP[-1]
You take 1 damage, and now have 14/20 hp.
You lost 1 mp, and now have 9/14 mp.
You closely miss the orc priest.
The orc priest mumbles some strange prayers to Beogh against you.
Beogh smites you!
* * * LOW HITPOINT WARNING * * *
The orc priest misses you. 😨 HP[-7] MP[-5]
You take 7 damage, and now have 7/20 hp.
MASSIVE DAMAGE!! (PAUSE)
You lost 5 mp, and now have 4/14 mp.
You hit the orc priest.
The orc priest hits you with a +0 dagger.
* * * LOW HITPOINT WARNING * * *
You hit the orc priest.
You bite the orc priest, but do no damage.
The orc priest hits you with a +0 dagger.
* * * LOW HITPOINT WARNING * * *
😱 HP[-3] MP[-1]
You take 3 damage, and now have 4/20 hp.
You lost 1 mp, and now have 3/14 mp.
You hit the orc priest but do no damage.
Your bite misses the orc priest.
The orc priest hits you but does no damage.
You hit the orc priest. Your bite misses the orc priest.
The orc priest closely misses you. 😱 MP[+1]
You barely miss the orc priest. Your bite misses the orc priest.
The orc priest misses you.
You hit the orc priest. You bite the orc priest. You drain its power.
You feel invigorated.
The orc priest hits you but does no damage. 😱 MP[+3]
You regained 3 mp, and now have 7/14 mp.
You hit the orc priest but do no damage.
Your bite misses the orc priest.
The orc priest mumbles some strange prayers to Beogh against you.
Pain shoots through your body!
* * * LOW HITPOINT WARNING * * *
😱 HP[-2] MP[-4]
You take 2 damage, and now have 2/20 hp.
You lost 4 mp, and now have 3/14 mp.
You hit the orc priest but do no damage.
You bite the orc priest, but do no damage.
You barely miss the orc priest. The orc priest closely misses you.
You hit the orc priest.
You kill the orc priest!
Lugonu accepts your kill.
You have reached level 4!
You feel agile.
You begin to heal more quickly. 😱 HP[+1]
You now have 24 max hp (+4).
You hit the orc priest but do no damage.
You bite the orc priest, but do no damage.
The orc priest barely misses you. 😱 MP[+1]
You hit the orc priest.
You bite the orc priest, but do no damage.
The orc priest looks braver for a moment. 😱 HP[+1]
You hit the orc priest but do no damage.
You bite the orc priest, but do no damage.
The orc priest calls down the wrath of Beogh upon you.
Beogh smites you!
You die...

Skill      XL: |  1  2  3 |
---------------+----------+-----
Dodging        | 1 |  1.6
Short Blades   | 2 |  2.5
Stealth        | 1 2 |  2.4
Fighting       | 3 |  3.2
Armour         | |  1.5
Invocations    | |  1.7

Action                   |  1- 3 |  4- 6 || total
-------------------------+-------+-------++-------
Melee: Short sword       |   106 |     3 ||   109
       Bite              |    25 |     3 ||    28
 Fire: Hunting sling     |     4 |       ||     4
 Stab: Sleeping          |     3 |       ||     3
Armor: Leather armour    |    15 |       ||    15
Dodge: Dodged            |    48 |     1 ||    49

Levels and vault maps discovered:
D:1:      lightli_arrival_maybe_door_vault, layout_loops_ring,
          grunt_decor_clamped
D:2:      layout_basic, basic_altar, serial_curves, eino_curves_02,
          eino_curves_01, eino_curves_03, eino_curves_03
D:3:      layout_basic, hellmonk_ecumenical_altar_arch_garden, serial_shops,
          shop_fountains, gammafunk_ghost_arena, due_unseen_surprise

Notes
Turn   | Place    | Note
-------+----------+-------------------------------------------
     0 | Abyss:1  | spiderkeys the Vine Stalker Abyssal Knight began the quest
                  | for the Orb.
     0 | Abyss:1  | Reached XP level 1. HP: 11/11 MP: 3/3
     0 | Abyss:1  | magus.rc [v1.11.3]
   159 | D:1      | You pass through the gate.
   159 | D:1      | Escaped the Abyss
   261 | D:1      | Reached skill level 1 in Dodging
   263 | D:1      | Reached skill level 2 in Short Blades
   263 | D:1      | Reached XP level 2. HP: 5/16 MP: 2/4
   266 | D:1      | Reached skill level 1 in Stealth
  1389 | D:2      | Reached skill level 3 in Fighting
  1542 | D:2      | Reached XP level 3. HP: 20/20 MP: 5/5
  1547 | D:2      | Reached ** piety under Lugonu
  2056 | D:2      | Reached skill level 2 in Stealth
  2264 | D:2      | Found an iron altar of Okawaru.
  2658 | D:3      | Found a faded altar of an unknown god.
  2695 | D:3      | HP: 4/20 [orc priest/+0 dagger (3)]
  2700 | D:3      | HP: 2/20 [orc priest/nerve-wracking pain (2)]
  2704 | D:3      | Gained mutation: Your natural rate of healing is unusually
                  | fast. [Vine Stalker growth]
  2704 | D:3      | Reached XP level 4. HP: 3/24 MP: 3/6
  2706 | D:3      | Killed from afar by an orc priest

Vanquished Creatures
  An orc priest (D:3)
  An adder (D:2)
  2 worms (D:2)
  2 ball pythons (D:2)
  4 endoplasms (D:2)
  2 giant cockroaches
  A goblin (D:1)
  6 hobgoblins
  7 jackals
  A quokka (D:2)
  A bat (D:2)
  2 frilled lizards (D:1)
  3 kobolds
  3 rats
36 creatures vanquished.

Table legend:
 A = Non-vault XP
 B = Vault XP
 C = Vault XP percentage of total XP
 D = Non-vault monster count
 E = Vault monster count
 F = Vault count percentage of total count
                 A         B        C        D         E       F
            +---------+---------+-------+---------+---------+-------
      Total |     120 |       0 |   0.0 |      36 |       0 |   0.0
            +---------+---------+-------+---------+---------+-------
        D:1 |      25 |       0 |   0.0 |      15 |       0 |   0.0
        D:2 |      54 |       0 |   0.0 |      20 |       0 |   0.0
        D:3 |      41 |       0 |   0.0 |       1 |       0 |   0.0
            +---------+---------+-------+---------+---------+-------

Illustrated notes

Table legend:
 A = Kills in this place as a percentage of kills in entire the game.
 B = Kills by you in this place as a percentage of kills by you in the entire game.
 C = Kills by friends in this place as a percentage of kills by friends in the entire game.
 D = Other kills in this place as a percentage of other kills in the entire game.
 E = Experience gained in this place as a percentage of experience gained in the entire game.
 F = Experience gained in this place divided by the number of levels of this place that you have seen.
                   A       B       C       D       E      F
               +-------+-------+-------+-------+-------+----------------------
         Total | 100.0 | 100.0 |   N/A |   N/A | 100.0 |  30.0
       Dungeon | 100.0 | 100.0 |   N/A |   N/A | 100.0 |  40.0
               +-------+-------+-------+-------+-------+----------------------

Table legend: (Time is in decaauts)
 A = Elapsed time spent in this place.
 B = Non-inter-level travel time spent in this place.
 C = Inter-level travel time spent in this place.
 D = Time resting spent in this place.
 E = Time spent auto-exploring this place.
 F = Levels seen in this place.
 G = Mean time per level.
                   A        B        C        D        E       F      G
               +--------+--------+--------+--------+--------+-----+--------+
         Total |   2707 |   2617 |     90 |      4 |   2324 |   4 |  676.8 |
       Dungeon |   2546 |   2456 |     90 |      4 |   2179 |   3 |  848.7 |
         Abyss |    160 |    160 |      0 |      0 |    145 |   1 |  160.0 |
               +--------+--------+--------+--------+--------+-----+--------+

Top non-repeatable levels by time:
     D:2: 1517 daAuts
     D:1: 979 daAuts
 Abyss:1: 160 daAuts
     D:3: 49 daAuts
